 Dungeon Crawl Stone Soup version 0.27-a0-926-g0e6d9124c6 (webtiles) character file.

Game seed: 4411342764699957731

146473 DwarfAlpaca the Sorcerer (level 17, -20/94 HPs)
             Began as a Djinni Air Elementalist on Apr 9, 2021.
             Was the Champion of Makhleb.
             Killed from afar by Frances (48 damage)
             ... with a shard of ice
             ... on level 1 of the Snake Pit on Apr 10, 2021.
             The game lasted 02:17:36 (32835 turns).

DwarfAlpaca the Sorcerer (Djinni Air Elementalist) Turns: 32835, Time: 02:17:36

Health: -20/94     AC: 10    Str: 10    XL:     17   Next: 44%
Gold:   2491       EV: 12    Int: 30    God:    Makhleb [******] SH:  5 Dex: 19

rFire    + + .     SeeInvis .   b - staff of conjuration
rCold    . . .     Faith    .   (no shield)
rNeg     + + .     Spirit   .   M - +0 troll leather armour
rPois    ∞         Reflect  +   (helmet restricted)
rElec    .         Harm     .   t - +0 cloak
rCorr    .         Rampage  .   O - +2 pair of gloves {Str+3}
Will     ++...                  (boots unavailable)
Stlth    ++........             B - amulet of reflection
HPRegen  1.25/turn              v - ring of the Barnacle {rC+ rN+ Will+ Dex+3}
MPRegen  0.00/turn              x - ring of Fun {rN+ Int+6}

@: flying
A: fire resistance 2, cold vulnerability 1, float, innate caster, hp casting,
extra vitality 1, horns 1, iridescent scales 1, agile 1
a: Renounce Religion, Minor Destruction, Lesser Servant of Makhleb, Major
Destruction, Greater Servant of Makhleb


You were on level 1 of the Snake Pit.
You worshipped Makhleb.
Makhleb was exalted by your worship.
You visited 5 branches of the dungeon, and saw 25 of its levels.
You also visited: Gauntlet and Volcano.

You collected 2584 gold pieces.
You spent 93 gold pieces at shops.

Inventory:

Missiles
 f - a throwing net
 E - 2 atropa-tipped darts
Armour
 l - a +2 helmet
 t - a +0 cloak (worn)
 M - a +0 troll leather armour (worn)
 O - a +2 pair of gloves of strength (worn)
Magical Staves
 b - a staff of conjuration (weapon)
 o - a staff of cold
Jewellery
 i - a ring of see invisible
 v - the ring of the Barnacle (left hand) {rC+ rN+ Will+ Dex+3}
   (You found it in a Gauntlet)

   [ring of willpower]

   It affects your dexterity (+3).
   It protects you from cold.
   It protects you from negative energy.
   It increases your willpower.
 x - the ring of Fun (right hand) {rN+ Int+6}
   (You found it in a Gauntlet)

   [ring of intelligence]

   It affects your intelligence (+6).
   It protects you from negative energy.
 B - an amulet of reflection (around neck)
 K - an amulet of the acrobat
 P - a +6 ring of dexterity
Wands
 c - a wand of mindburst (18)
 e - a wand of charming (4)
 m - a wand of random effects (10)
 n - a wand of iceblast (28)
 u - a wand of digging (4)
 D - a wand of paralysis (12)
 H - a wand of polymorph (29)
Scrolls
 d - 2 scrolls of brand weapon
 g - 3 scrolls of magic mapping
 j - 4 scrolls of enchant armour
 q - a scroll of fear
 w - 2 scrolls of summoning
 y - 8 scrolls of teleportation
 A - 2 scrolls of vulnerability {unknown}
 C - 7 scrolls of identify
 F - a scroll of immolation
 I - a scroll of blinking {unknown}
 N - a scroll of fog {unknown}
 R - a scroll of enchant weapon {unknown}
Potions
 a - 4 potions of brilliance
 h - 4 potions of haste
 k - 9 potions of heal wounds
 p - 9 potions of curing
 r - 3 potions of lignification
 s - 2 potions of resistance
 z - 3 potions of berserk rage
 G - 3 potions of might
 J - a potion of cancellation {unknown}
 L - 2 potions of ambrosia {unknown}
 Q - a potion of mutation
 S - a potion of magic {unknown}


   Skills:
 - Level 2.1 Dodging
 - Level 1.5 Stealth
 + Level 23.3 Spellcasting


You had 18 spell levels left.
You knew the following spells:

 Your Spells              Type           Power      Damage    Failure   Level
a - Shock                 Conj/Air       100%       1d9       0%          1
b - Swiftness             Air            100%       N/A       0%          2
c - Static Discharge      Conj/Air       100%       N/A       0%          3
d - Airstrike             Air            54%        N/A       0%          4
e - Lightning Bolt        Conj/Air       66%        1d90      0%          5
f - Sting                 Tmut/Pois      100%       1d8       0%          1
g - Wereblood             Tmut           100%       N/A       0%          2
h - Blink                 Tloc           N/A        N/A       0%          2
i - Teleport Other        Tloc           100%       N/A       0%          3
j - Summon Ice Beast      Ice/Summ       100%       N/A       0%          4
k - Manifold Assault      Tloc           100%       N/A       0%          5
l - Starburst             Conj/Fire      66%        8x6d17    0%          6
m - Shadow Creatures      Summ           N/A        N/A       0%          6
Your spell library was empty.

Dungeon Overview and Level Annotations

Branches:
Dungeon (15/15)            Temple (1/1) D:4            Lair (6/6) D:8
 Shoals (0/4) Lair:4        Snake (1/4) Lair:3        Slime (0/5) Lair:6
    Orc (2/2) D:10            Elf (0/3) Orc:2        Vaults (0/5) D:13
 Depths (0/5) D:15        Volcano (visited)         Gauntlet (visited)

Altars:
Ashenzari
Cheibriados
Dithmenos
Elyvilon
Fedhas
Gozag
Hepliaklqana
Kikubaaqudgha
Makhleb
Nemelex Xobeh
Okawaru
Qazlal
Ru
Sif Muna
Trog
Uskayaw
Vehumet
Wu Jian
Xom
Yredelemnul
Zin
The Shining One
Jiyva

Shops:
D:6 *   D:15 (   Orc:1 ?   Orc:2 ![=

Annotations:
D:4 Burana's ghost, amateur OpMo
D:13 Jorgrun
Snake:1 Frances


Innate Abilities, Weirdness & Mutations

You are immune to poison.
Your flesh is very heat resistant. (rF++)
You are vulnerable to cold. (rC-)
You float through the air rather than walking.
You learn spells naturally, not from books.
Your magical power is your life essence.
You have superior vitality. (+4 HP)
You have a pair of small horns on your head.
You are partially covered in iridescent scales. (AC +2)
You are agile. (Dex +2)


Message History

Frances hits you with a +0 short sword!!
Frances says, "I have seen worlds and universes beyond all imagining."
Frances barely misses you.
Casting: Shadow Creatures (safe; 0% risk of failure)
Confirm with . or Enter, or press ? or * to list all spells.
Aiming: Lightning Bolt (safe; 0% risk of failure)
Press: ? - help, Shift-Dir - straight line You feel a surge of power!
You hear a mighty clap of thunder!
The bolt of lightning hits Frances.
Frances is lightly wounded.
The bolt of lightning hits Frances!!!
Frances is heavily wounded.
Frances hits you but does no damage.
Unknown command.
Casting: Lightning Bolt (safe; 0% risk of failure)
Confirm with . or Enter, or press ? or * to list all spells.
Aiming: Lightning Bolt (safe; 0% risk of failure)
Press: ? - help, Shift-Dir - straight line You feel a surge of power!
You hear a mighty clap of thunder!
The bolt of lightning misses Frances.
The bolt of lightning hits Frances!
Frances is heavily wounded.
Frances hits you with a +0 short sword.
Frances hits you with a +0 short sword!!
Unknown command.
Casting: Lightning Bolt (safe; 0% risk of failure)
Confirm with . or Enter, or press ? or * to list all spells.
Aiming: Lightning Bolt (safe; 0% risk of failure)
Press: ? - help, Shift-Dir - straight line You feel a surge of power!
You hear a mighty clap of thunder!
The bolt of lightning hits Frances!!
Frances is severely wounded.
The bolt of lightning misses Frances.
* * * LOW HITPOINT WARNING * * *
Frances screams a word of power!
The shard of ice hits you!!!
Ouch! That really hurt!
You die...

#........#
#.#
####.....#
#.# #.)...#
#.# #######
#.# #.# #.#
#.# #N# #@#
#@#
#.###########
#......@.....
#############


You could see Frances (fast, ally target) and a friendly naga (summoned).

Vanquished Creatures
  Saint Roka (Orc:2)
  Kirke (D:15)
  2 ghouls (D:15)
  Nessos (D:13)
  9 hydras
  A naga warrior (Snake:1)
  2 vault guards (D:13)
  Erica (Lair:1)
  A catoblepas (Lair:6)
  2 anacondas (Snake:1)
  2 centaur warriors (D:14)
  3 ogre magi
  13 two-headed ogres
  15 death yaks
  A tengu warrior (D:15)
  2 shock serpents (Snake:1)
  2 orc high priests
  3 naga sharpshooters (Snake:1)
  A hell knight (Volcano)
  Nergalle (D:8)
  16 skeletal warriors
  2 deep trolls (Orc:2)
  2 necromancers
  A wizard (D:15)
  A wolf spider zombie (D:15)
  A deep elf pyromancer (D:12)
  2 mana vipers (Snake:1)
  2 orc sorcerers
  An oklob plant (Lair:6)
  3 orc knights
  15 ugly things
  A manticore (Lair:4)
  3 salamanders (Snake:1)
  The ghost of Gilette the Magician, a novice FeVM of Fedhas (D:9)
  5 cyclopes
  10 elephants
  A guardian serpent (Snake:1)
  An ice statue (Gauntlet)
  11 black mambas
  9 naga magi
  A torpor snail (Lair:2)
  2 molten gargoyles (Volcano)
  5 rime drakes
  2 gargoyles
  An unseen horror (shapeshifter) (D:14)
  2 unseen horrors (D:11)
  11 komodo dragons
  Psyche (D:8)
  29 cane toads
  Maggie (Lair:1)
  3 tengu conjurers
  2 polar bears (Lair:6)
  A hornet (D:9)
  37 blink frogs
  3 tyrant leeches (Lair:6)
  12 trolls
  A wolf spider simulacrum (D:15)
  A wind drake (Lair:4)
  A hornet (shapeshifter) (D:15)
  5 slime creatures
  11 dream sheep
  2 meliai zombies
  A centaur simulacrum (D:15)
  Sigmund (D:6)
  A vampire (D:12)
  8 shadows
  6 wyverns
  55 yaks
  5 wraiths
  A basilisk (Lair:2)
  2 fire bats (Volcano)
  10 humans (D:13)
  Menkaure (D:6)
  2 steam dragons
  23 vampire mosquitoes
  3 wargs
  3 acid dragons
  Edmund (D:6)
  16 nagas
  11 water moccasins
  A swamp drake (D:10)
  26 orc warriors
  3 sky beasts
  A black bear (D:6)
  2 ice beasts
  25 ogres
  A necrophage (D:7)
  9 centaurs
  28 wolves
  A kobold brigand (D:9)
  24 bullfrogs
  A wyvern zombie (D:5)
  A gnoll sergeant (D:9)
  2 scorpions
  A wyvern skeleton (D:7)
  A water moccasin zombie (D:5)
  6 killer bees (D:8)
  10 howler monkeys
  3 electric eels
  8 centaur zombies
  5 lava snakes (Volcano)
  3 bullfrog zombies
  22 orc priests
  2 hounds (D:5)
  2 bullfrog skeletons
  Crazy Yiuf (D:6)
  4 centaur skeletons
  2 iguanas (D:4)
  Natasha (thrice) (D:1)
  23 orc wizards
  6 hell rats
  A hound skeleton (D:5)
  2 mummies (D:15)
  3 howler monkey zombies
  Robin (D:2)
  8 gnolls
  7 adders
  A howler monkey skeleton (D:7)
  2 white imps
  An ufetubus (D:5)
  2 dart slugs
  A worm (D:2)
  91 orcs
  4 ball pythons (D:1)
  11 bats
  5 endoplasms
  5 giant cockroaches
  10 hobgoblins
  5 jackals
  3 quokkas
  5 frilled lizards
  17 goblins
  9 kobolds
  3 rats
  A bush (Lair:6)
861 creatures vanquished.

Vanquished Creatures (collateral kills)
  A centaur zombie (D:15)
1 creature vanquished.

Vanquished Creatures (others)
  2 humans (D:15)
  38 fungi
  122 plants
  28 withered plants
190 creatures vanquished.

Grand Total: 1052 creatures vanquished

Notes
Turn   | Place    | Note
-------+----------+-------------------------------------------
     0 | D:1      | DwarfAlpaca the Djinni Air Elementalist began the quest for
                  | the Orb.
     0 | D:1      | Reached XP level 1. HP: 15/15 MP: 0/0
   261 | D:1      | Reached skill level 3 in Spellcasting
   488 | D:1      | Reached XP level 2. HP: 18/21 MP: 0/0
  1147 | D:1      | Reached XP level 3. HP: 22/25 MP: 0/0
  1147 | D:1      | Learned a level 1 spell: Sting
  1472 | D:2      | Noticed Natasha
  1661 | D:1      | Killed Natasha
  1662 | D:1      | Reached skill level 4 in Spellcasting
  1662 | D:1      | Reached XP level 4. HP: 7/31 MP: 0/0
  1842 | D:1      | Noticed Natasha
  2585 | D:2      | Found an ornate altar of the Wu Jian Council.
  2609 | D:2      | Noticed Robin
  2617 | D:2      | Killed Robin
  2618 | D:2      | Reached XP level 5. HP: 24/35 MP: 0/0
  2618 | D:2      | Learned a level 2 spell: Wereblood
  3030 | D:3      | Found a blossoming altar of Fedhas.
  3411 | D:3      | Reached skill level 5 in Spellcasting
  3822 | D:4      | Noticed an ogre
  3824 | D:4      | Killed an ogre
  3825 | D:4      | Reached XP level 6. HP: 31/40 MP: 0/0
  4011 | D:4      | Found a staircase to the Ecumenical Temple.
  4037 | Temple   | Entered the Ecumenical Temple
  4261 | Temple   | Became a worshipper of Makhleb the Destroyer
  4369 | D:1      | Killed Natasha
  4447 | D:1      | Noticed Natasha
  4453 | D:1      | Killed Natasha
  4454 | D:1      | Reached skill level 6 in Spellcasting
  4644 | D:4      | Found a basalt altar of Yredelemnul.
  4974 | D:4      | Reached XP level 7. HP: 40/45 MP: 0/0
  4974 | D:4      | Learned a level 2 spell: Blink
  5076 | D:5      | Entered Level 5 of the Dungeon
  5147 | D:5      | Reached skill level 7 in Spellcasting
  5332 | D:5      | Found a runed translucent gate.
  5334 | D:5      | Found a runed translucent gate.
  5335 | D:5      | Found a runed translucent gate.
  5337 | D:5      | Noticed Burana's ghost (amateur OpMo)
  5560 | D:5      | Reached * piety under Makhleb
  5611 | D:5      | Reached XP level 8. HP: 43/50 MP: 0/0
  5620 | D:5      | Reached skill level 8 in Spellcasting
  7032 | D:6      | Noticed Sigmund
  7037 | D:6      | Killed Sigmund
  7038 | D:6      | Reached skill level 9 in Spellcasting
  7223 | D:6      | Found an opulent altar of Gozag.
  7229 | D:6      | Noticed Menkaure
  7230 | D:6      | Killed Menkaure
  7320 | D:6      | Found Zegump's General Store.
  7328 | D:6      | Noticed Edmund
  7329 | D:6      | Bought a scroll of teleportation for 42 gold pieces
  7358 | D:6      | Killed Edmund
  7359 | D:6      | Reached XP level 9. HP: 32/55 MP: 0/0
  7359 | D:6      | Learned a level 3 spell: Teleport Other
  7623 | D:6      | Reached skill level 10 in Spellcasting
  7668 | D:6      | Found a runed translucent door.
  7671 | D:6      | Noticed Crazy Yiuf
  8231 | D:6      | Killed Crazy Yiuf
  8575 | D:7      | Noticed a two-headed ogre
  8582 | D:7      | Killed a two-headed ogre
  8583 | D:7      | Reached skill level 11 in Spellcasting
  8597 | D:7      | Reached ** piety under Makhleb
  8679 | D:7      | Reached XP level 10. HP: 53/60 MP: 0/0
  8951 | D:7      | Reached skill level 12 in Spellcasting
  9148 | D:7      | Found a sparkling altar of Nemelex Xobeh.
  9270 | D:8      | Found a staircase to the Lair.
  9538 | D:8      | Noticed a green ugly thing
  9542 | D:8      | Killed a green ugly thing
  9792 | D:8      | Noticed Psyche
  9793 | D:8      | Killed Psyche
 10150 | D:9      | Reached *** piety under Makhleb
 10194 | D:9      | Reached skill level 13 in Spellcasting
 10379 | D:9      | Noticed a skeletal warrior
 10379 | D:9      | Noticed a skeletal warrior
 10393 | D:9      | Killed a skeletal warrior
 10414 | D:9      | Noticed a skeletal warrior
 10435 | D:9      | Killed a skeletal warrior
 10436 | D:9      | Reached XP level 11. HP: 64/65 MP: 0/0
 10436 | D:9      | Learned a level 4 spell: Summon Ice Beast
 10438 | D:9      | Killed a skeletal warrior
 10581 | D:9      | Found a runed translucent gate.
 10581 | D:9      | Found a runed translucent gate.
 10581 | D:9      | Found a runed translucent gate.
 10582 | D:9      | Noticed Gilette's ghost (novice FeVM)
 10633 | D:9      | Reached skill level 14 in Spellcasting
 10643 | D:9      | Killed Gilette's ghost
 11272 | D:10     | Entered Level 10 of the Dungeon
 11341 | D:10     | Found an ornate altar of the Wu Jian Council.
 11444 | D:10     | You are sucked into a shaft and drop 1 floor!
 11645 | D:10     | Found a broken altar of Ashenzari.
 11647 | D:10     | Found a snail-covered altar of Cheibriados.
 11648 | D:10     | Found a glowing silver altar of Zin.
 11968 | D:10     | Reached **** piety under Makhleb
 12138 | D:10     | Found a staircase to the Orcish Mines.
 12289 | D:10     | Gained mutation: You have a pair of small horns on your
                  | head. [potion of mutation]
 12289 | D:10     | Gained mutation: Your mind is acute. (Int +2) [potion of
                  | mutation]
 12290 | D:10     | Lost mutation: Your mind is acute. (Int +2) [potion of
                  | mutation]
 12290 | D:10     | Gained mutation: You are partially covered in iridescent
                  | scales. (AC +2) [potion of mutation]
 12290 | D:10     | Gained mutation: You are agile. (Dex +2) [potion of
                  | mutation]
 12300 | D:10     | Found an iron altar of Okawaru.
 12516 | D:10     | Identified the +1 scale mail of Levity {Harm}
 12628 | D:10     | Found a sacrificial altar of Ru.
 12802 | D:11     | Reached skill level 15 in Spellcasting
 13457 | D:11     | Reached XP level 12. HP: 55/70 MP: 0/0
 13801 | Lair:1   | Entered Level 1 of the Lair of Beasts
 13801 | Lair:1   | Noticed Nergalle
 14211 | Orc:1    | Entered Level 1 of the Orcish Mines
 14771 | D:8      | Killed Nergalle
 15519 | Lair:1   | Reached skill level 16 in Spellcasting
 15727 | Lair:1   | Noticed Erica
 15731 | Lair:1   | Killed Erica
 15915 | Lair:1   | Noticed Maggie
 15919 | Lair:1   | Killed Maggie
 16351 | Lair:2   | Reached ***** piety under Makhleb
 16544 | Lair:2   | Reached skill level 17 in Spellcasting
 16544 | Lair:2   | Reached XP level 13. HP: 65/75 MP: 0/0
 16544 | Lair:2   | Learned a level 5 spell: Manifold Assault
 17483 | Lair:3   | Found a dark tunnel.
 17490 | Volcano  | Entered a volcano
 17702 | Volcano  | Found a bloodstained altar of Trog.
 17780 | Volcano  | Reached skill level 18 in Spellcasting
 17828 | Lair:3   | Found a gate leading to a gauntlet.
 17854 | Gauntlet | Entered a Gauntlet
 17854 | Gauntlet | Found a transporter.
 17854 | Gauntlet | Found a transporter.
 17858 | Gauntlet | Found a transporter.
 17858 | Gauntlet | Found a transporter.
 17860 | Gauntlet | Found a large runed translucent door.
 17861 | Gauntlet | Found a large runed translucent door.
 17862 | Gauntlet | Found a large runed translucent door.
 17862 | Gauntlet | Found a large runed translucent door.
 17862 | Gauntlet | Found a runed translucent door.
 17863 | Gauntlet | Found a runed translucent door.
 17863 | Gauntlet | Found a large runed translucent door.
 17864 | Gauntlet | Found a large runed translucent door.
 17864 | Gauntlet | Found a large runed translucent door.
 17864 | Gauntlet | Found a large runed translucent door.
 17864 | Gauntlet | Found a large runed translucent door.
 17864 | Gauntlet | Found a large runed translucent door.
 17865 | Gauntlet | Found a large runed translucent door.
 17865 | Gauntlet | Found a large runed translucent door.
 17866 | Gauntlet | Found a runed translucent gate.
 17866 | Gauntlet | Found a runed translucent gate.
 17868 | Gauntlet | Found a transporter.
 17872 | Gauntlet | Found a transporter.
 17877 | Gauntlet | Found a runed translucent gate.
 17878 | Gauntlet | Found a transporter.
 17878 | Gauntlet | Found a transporter.
 17918 | Gauntlet | Found a transporter.
 17937 | Gauntlet | Found a large runed translucent door.
 17971 | Gauntlet | Identified the ring of the Barnacle {rC+ rN+ Will+ Dex+3}
 18011 | Gauntlet | Found a transporter.
 18128 | Gauntlet | Found a transporter.
 18464 | Gauntlet | Found a transporter.
 18510 | Gauntlet | Identified the ring of Fun {rN+ Int+6}
 18693 | Gauntlet | Noticed a minotaur
 18712 | Gauntlet | Identified the ring of the Traitor {rF+ Dex+2 SInv}
 18802 | Lair:3   | Found a staircase to the Snake Pit.
 18954 | Lair:3   | Reached XP level 14. HP: 80/80 MP: 0/0
 20018 | Lair:4   | Found a staircase to the Shoals.
 20072 | Lair:4   | Reached skill level 19 in Spellcasting
 21356 | Lair:5   | Reached ****** piety under Makhleb
 21997 | Lair:6   | Entered Level 6 of the Lair of Beasts
 23788 | D:10     | Reached skill level 20 in Spellcasting
 24427 | D:12     | Identified the +4 robe of Quiet Fog {Rampage Regen+ Str-3
                  | Int-2}
 24751 | D:12     | Reached XP level 15. HP: 85/85 MP: 0/0
 24751 | D:12     | Learned a level 6 spell: Starburst
 25971 | Orc:1    | Found Lill's Magic Scroll Emporium.
 26274 | Orc:2    | Entered Level 2 of the Orcish Mines
 26573 | Orc:2    | Noticed Saint Roka
 26979 | Orc:2    | Killed Saint Roka
 27302 | Orc:2    | Found a staircase to the Elven Halls.
 27369 | Orc:2    | Reached skill level 21 in Spellcasting
 27382 | Orc:2    | Found Vinepsur's Antique Armour Shop.
 27383 | Orc:2    | Found Ratsufuk's Distillery.
 27506 | Orc:2    | Found Titzong's Jewellery Boutique.
 27516 | Orc:2    | Found Toul's Magic Scroll Shop.
 27518 | Orc:2    | Bought a potion of curing for 51 gold pieces
 28056 | Lair:6   | Found a staircase to the Slime Pits.
 28057 | Lair:6   | Found a viscous altar of Jiyva.
 28235 | Lair:6   | Reached XP level 16. HP: 90/90 MP: 0/0
 29403 | D:13     | Noticed Jorgrun
 29539 | D:13     | Reached skill level 22 in Spellcasting
 29569 | D:13     | Noticed Nessos
 29574 | D:13     | Killed Nessos
 29733 | D:13     | Found a gate to the Vaults.
 30114 | D:13     | Identified the +3 chain mail "Kaomy" {Int+3}
 30215 | D:14     | Identified a scroll of acquirement
 30215 | D:14     | Acquired a staff of conjuration
 30688 | D:15     | Entered Level 15 of the Dungeon
 30860 | D:15     | Noticed Kirke
 30877 | D:15     | Killed Kirke
 30918 | D:15     | Found a shadowy altar of Dithmenos.
 31040 | D:15     | Reached XP level 17. HP: 94/94 MP: 0/0
 31040 | D:15     | Learned a level 6 spell: Shadow Creatures
 31115 | D:15     | Found Rihuisadd's Antique Weapon Boutique.
 31252 | D:15     | Found a blossoming altar of Fedhas.
 31486 | D:15     | Found a staircase to the Depths.
 31658 | D:15     | Reached skill level 23 in Spellcasting
 32059 | Lair:3   | Upgraded the game from 0.27-a0-911-gfacc31910f to
                  | 0.27-a0-926-g0e6d9124c6
 32073 | Snake:1  | Entered Level 1 of the Snake Pit
 32724 | Snake:1  | Found an ornate altar of the Wu Jian Council.
 32822 | Snake:1  | Noticed Frances
 32835 | Snake:1  | Killed from afar by Frances

Illustrated notes

Levels and vault maps discovered:
D:1:      dpeg_arrival_boxes_within_box, layout_loops_ring
D:2:      layout_rooms, basic_altar, grunt_decor_arrowhead, minmay_pentomino_x2,
          uniq_natasha, uniq_robin
D:3:      layout_loops_ring, grunt_temple_overflow_growth_and_decay, hex_medium
D:4:      layout_rooms, lemuel_tele_altar, minmay_temple_entry_gardened_gates,
          serial_bayou_pond_a, kennysheep_another_room, serial_bayou_pond_c
D:5:      layout_basic, gammafunk_ghost_necromancy, kennysheep_generic_room_8
D:6:      layout_loops_cross, lemuel_crystal_altar, serial_shops,
          shop_fountains, uniq_menkaure, uniq_crazy_yiuf_cottage, uniq_edmund,
          uniq_sigmund
D:7:      layout_basic, gammafunk_temple_overflow_elements
D:8:      layout_loops_cross, lair_entry_dummy, uniq_psyche
D:9:      layout_basic, gammafunk_ghost_spectres
D:10:     layout_basic, nicolae_ru_awakened_eye, nicolae_wu_jian_wuxing_cycle,
          grunt_temple_overflow_open, erik_orc_1, david_defended_altar_orc
D:11:     layout_roguey, chequers_hall_statues_wall_a
D:12:     layout_stronghold, serial_bayou_pond_e
D:13:     layout_stronghold, ximxim_vaults_locker_room, kiku_gazebo_pond_becter,
          uniq_nessos, uniq_jorgrun
D:14:     layout_roguey, minmay_misc_feat_diagonals
D:15:     grunt_enter_depths_magical_seal, layout_stronghold, serial_shops,
          shop, fedhas_altar_2, serial_undead, serial_undead_f, serial_undead_f,
          serial_undead_f, serial_undead_e, serial_undead_c, serial_undead_e,
          nicolae_dithmenos_through_a_glass_darkly, uniq_kirke
Temple:   minmay_temple_curvy_loop
Lair:1:   layout_chaotic_city, minivault_26, grunt_megastairs_2, uniq_erica,
          uniq_nergalle, uniq_maggie
Lair:2:   layout_hall_layers, chequers_serial_rivers_micro_d,
          grunt_megastairs_1, serial_bayou_shore_b, infiniplex_staircase_pool_2
Lair:3:   layout_misc_corridors, guppyfry_snake_entry_garden,
          gauntlet_entry_generic, nicolae_volcano_entry_two_sided
Lair:4:   layout_cave_pods, minmay_shoals_entry_beasts,
          grunt_forest_small_clearing_treed
Lair:5:   layout_roguey
Lair:6:   minmay_lair_end_frog_pond, layout_cave_pods, slime_altar_1,
          lemuel_fruit_tree
Snake:1:  layout_basic, basic_altar, grunt_megastairs_4, uniq_frances
Orc:1:    layout_caves, lightli_bailey_entry_fortress, serial_shops, shop
Orc:2:    st_orc_open, layout_diamond_mine, nicolae_orc_pool_cavern,
          uniq_saint_roka

Skill      XL: |  1  2  3  4  5  6  7  8  9 10 11 12 13 14 15 16 17 |
---------------+----------------------------------------------------+-----
Spellcasting   | 3 4 5 6 7 9 11 13 15 17 18 20 21 22 23 | 23.3
Dodging        | |  2.1
Stealth        | |  1.5

Action                   |  1- 3 |  4- 6 |  7- 9 | 10-12 | 13-15 | 16-18 || total
-------------------------+-------+-------+-------+-------+-------+-------++-------
Melee: Dagger            |     3 |     3 |       |    25 |       |       ||    31
       Staff             |       |       |       |     1 |    26 |     1 ||    28
       Headbutt          |       |       |       |     1 |     2 |       ||     3
 Cast: Shock             |    51 |   106 |   113 |     5 |     6 |       ||   281
       Sting             |     8 |     2 |       |       |       |       ||    10
       Airstrike         |       |     4 |    29 |   181 |   447 |   169 ||   830
       Lightning Bolt    |       |       |    12 |    71 |   147 |    79 ||   309
       Swiftness         |       |       |     1 |       |       |       ||     1
       Static Discharge  |       |       |       |     4 |     6 |       ||    10
       Summon Ice Beast  |       |       |       |       |     3 |       ||     3
       Manifold Assault  |       |       |       |       |     4 |       ||     4
       Starburst         |       |       |       |       |    52 |    80 ||   132
       Shadow Creatures  |       |       |       |       |       |     2 ||     2
  Use: Scroll            |       |     1 |     2 |     4 |    13 |     3 ||    23
       Potion            |       |       |       |     7 |       |       ||     7
Armor: Robe              |     1 |     1 |    14 |    22 |    11 |       ||    49
       Troll leather arm |       |       |       |       |    10 |    19 ||    29
Dodge: Dodged            |     9 |    10 |    32 |    59 |    99 |    28 ||   237
Block: Other             |       |       |     2 |    17 |    24 |    19 ||    62
       Reflection        |       |       |     1 |       |     1 |     7 ||     9

Table legend: (Time is in decaauts)
 A = Elapsed time spent in this place.
 B = Non-inter-level travel time spent in this place.
 C = Inter-level travel time spent in this place.
 D = Time resting spent in this place.
 E = Time spent auto-exploring this place.
 F = Levels seen in this place.
 G = Mean time per level.
                   A        B        C        D        E       F      G
               +--------+--------+--------+--------+--------+-----+--------+
         Total |  32901 |  30432 |   2469 |   8081 |  15726 |  27 | 1218.6 |
       Dungeon |  20200 |  18317 |   1883 |   4820 |  10495 |  15 | 1346.7 |
        Temple |    241 |    224 |     17 |      0 |    186 |   1 |  241.0 |
          Lair |   8061 |   7550 |    511 |   2273 |   3587 |   6 | 1343.5 |
     Snake Pit |    761 |    761 |      0 |     69 |    453 |   1 |  761.0 |
  Orcish Mines |   2462 |   2404 |     58 |    365 |   1005 |   2 | 1231.0 |
       Volcano |    317 |    317 |      0 |      0 |      0 |   1 |  317.0 |
      Gauntlet |    856 |    856 |      0 |    554 |      0 |   1 |  856.0 |
               +--------+--------+--------+--------+--------+-----+--------+

Top non-repeatable levels by time:
    D:10: 2713 daAuts
  Lair:5: 2433 daAuts
     D:8: 2122 daAuts
     D:5: 1829 daAuts
     D:1: 1820 daAuts
  Lair:1: 1579 daAuts
   Orc:2: 1452 daAuts
  Lair:4: 1444 daAuts
    D:11: 1371 daAuts
     D:9: 1328 daAuts
     D:6: 1288 daAuts
     D:2: 1253 daAuts
    D:12: 1096 daAuts
    D:15: 1085 daAuts
  Lair:6: 1026 daAuts
